 Dungeon Crawl Stone Soup version 0.18.1-48-g4cf74bf (webtiles) character file.

233 MovingMist the Shield-Bearer (level 6, -5/39 HPs)
             Began as a Gargoyle Fighter on Aug 20, 2016.
             Killed from afar by an orc wizard (10 damage)
             ... with a puff of flame
             ... on level 3 of the Dungeon.
             The game lasted 00:06:02 (1223 turns).

MovingMist the Shield-Bearer (Gargoyle Fighter)     Turns: 1223, Time: 00:06:03

Health: -5/39      AC: 12    Str: 24    XL:     6   Next: 5%
Magic:  6/6        EV:  7    Int:  9    God:
Gold:   88         SH:  0    Dex: 11    Spells: 0 memorised, 5 levels left

rFire  . . .     SeeInvis .     a - +1 flail
rCold  . . .     Gourm    .     b - +0 scale mail
rNeg   + . .     Faith    .     c - +0 shield
rPois  ∞         Spirit   .     (no helmet)
rElec  +         Dismiss  .     (no cloak)
rCorr  .         Reflect  .     l - +0 pair of gloves (curse)
SustAt .         Harm     .     (no boots)
MR     .....                    e - amulet of rage
Stlth  ..........               (no ring)
                                (no ring)

@: confused, mighty, not resistant to hostile enchantments, extremely unstealthy
A: negative energy resistance 1, electricity resistance, unbreathing,
petrification resistance, rot immunity, AC +4
a: Evoke Berserk Rage


You were on level 3 of the Dungeon.
You were not hungry.

You visited 1 branch of the dungeon, and saw 3 of its levels.

You collected 88 gold pieces.

Inventory:

Hand Weapons
 a - a +1 flail (weapon)
Armour
 b - a +0 scale mail (worn)
 c - a +0 shield (worn)
 l - a cursed +0 pair of gloves (worn)
Jewellery
 e - an amulet of rage (around neck)
 o - a cursed ring of loudness {unknown}
Potions
 h - a potion of agility
 j - a potion of ambrosia {unknown}
 q - a potion of cancellation {unknown}
Comestibles
 f - 3 bread rations
 g - 2 chunks of flesh
 k - 9 fruits
 m - a royal jelly
 n - a meat ration


   Skills:
 + Level 4.4 Fighting
 + Level 3.2 Maces & Flails
 + Level 4.7 Armour
 + Level 4.7 Shields


You had 5 spell levels left.
You didn't know any spells.

Dungeon Overview and Level Annotations

Branches:
Dungeon (3/15)

Altars:
Makhleb


Innate Abilities, Weirdness & Mutations

You are resistant to torment.
Your stone body is resilient (AC +4).
You are immune to poison.
You resist negative energy.
You are resistant to electric shocks.
You can survive without breathing.
You are immune to petrification.
You are immune to rotting.


Message History

Something tries to affect you, but you resist.
You completely miss something.
You feel less confused.
You hear some strange, mumbled words.
You are confused.
Something hits you but does no damage.
You bump into the rock wall.
Something hits you but does no damage.
You hear some strange, mumbled words.
Something tries to affect you, but you resist.
Unknown command.
You feel less confused.
You hear some strange, mumbled words.
You are confused.
You bump into the rock wall.
You bump into the rock wall.
Something hits you but does no damage.
You bump into the rock wall.
You hear some strange, mumbled words.
A puff of flame appears from out of thin air!
The puff of flame hits you!
You die... ...... .. ..# ooo...

.###..#
o....##.#.g..#
.s._.........
#......?..#
####.........#.
...b..(..#..... #
..##########.....###.
........@{oo........
####...####......##
##...####.......#..
#..................
#....###..<÷..(.#
#....# #.)......#
#....# #.......##
#....# #..........
#.#### #......####


You could see 2 orcs.

Vanquished Creatures
  An orc warrior (D:3)
  7 adders
  An ooze (D:1)
  A worm (D:3)
  4 dart slugs (D:2)
  2 giant geckos
  2 orcs (D:3)
  A ball python (D:2)
  6 giant cockroaches
  3 goblins
  4 hobgoblins
  2 jackals (D:2)
  A quokka (D:2)
  7 bats
  2 giant newts (D:2)
  9 kobolds
  4 rats
57 creatures vanquished.

Notes
Turn   | Place    | Note
--------------------------------------------------------------
     0 | D:1      | MovingMist the Gargoyle Fighter began the quest for the Orb.
     0 | D:1      | Reached XP level 1. HP: 14/14 MP: 1/1
   111 | D:1      | Reached XP level 2. HP: 17/19 MP: 2/2
   395 | D:2      | Reached XP level 3. HP: 23/23 MP: 3/3
   645 | D:2      | Reached XP level 4. HP: 14/29 MP: 4/4
  1133 | D:3      | Reached XP level 5. HP: 33/33 MP: 5/5
  1163 | D:3      | Found a burning altar of Makhleb.
  1163 | D:3      | Noticed an orc warrior
  1201 | D:3      | Killed an orc warrior
  1201 | D:3      | Reached XP level 6. HP: 6/39 MP: 6/6
  1223 | D:3      | Killed from afar by an orc wizard

Skill      XL: |  1  2  3  4  5 |
---------------+----------------+-----
Shields        | 4 |  4.7
Armour         | 4 |  4.7
Fighting       | 4 |  4.4
Maces & Flails | 3 |  3.2

Action                   |  1- 3 |  4- 6 || total
-------------------------+-------+-------++-------
Melee: Flail             |   149 |   120 ||   269
  Use: Scroll            |     2 |     5 ||     7
       Potion            |       |     2 ||     2
  Eat: Chunk             |       |     2 ||     2
Armor: Scale mail        |    84 |    72 ||   156
Dodge: Dodged            |    46 |    29 ||    75
Block: Shield            |    85 |    58 ||   143
